Map: Chantier naval orbital

Players

LÉopOLDineFr - Winner!

  • Race: Terran Terran
  • League: Diamond

Skizorager

  • Race: Protoss Protoss
  • League: Diamond

VOD

Have the link to the VOD?

Description

Time

  • Played on: Dec. 22, 2015, 3:50 p.m.
  • Length: 6:12
Show
View Real Time Build Order
Export as new Build Order

LÉopOLDineFr Terran - Winner!

Build Orders:  

Get SALT Encoding   

  12  0:01  SCV  
  13  0:13  SCV  
  14  0:19  Supply Depot  
  14  0:25  SCV  
  15  0:40  SCV, Barracks  
  16  0:46  Refinery  
  16  0:52  SCV  
  17  1:04  SCV  
  18  1:16  SCV  
  19  1:29  Orbital Command  
  20  1:41  Barracks Reactor  
  20  1:45  Command Center  
  19  1:57  Supply Depot  
  19  1:59  SCV  
  20  2:15  SCV, Factory  
  21  2:24  Marine x2  
  21  2:27  SCV, Bunker  
  23  2:39  SCV  
  23  2:42  Marine x2  
  26  2:51  SCV  
  27  3:00  Starport  
  27  3:06  SCV, Hellion x2  
  27  3:09  Supply Depot  
  33  3:18  Orbital Command  
  32  3:28  Refinery  
  32  3:32  SCV  
  33  3:42  Medivac  
  33  3:44  Hellion x2  
  33  3:47  SCV  
  40  3:50  SCV  
  41  4:00  SCV  
  41  4:01  Refinery  
  42  4:07  Starport  
  42  4:21  Marine x2  
  42  4:23  Starport Tech Lab  
  44  4:26  SCV x2  
  44  4:27  Factory Tech Lab  
  44  4:29  Supply Depot  
  46  4:39  Marine x2  
  46  4:40  Bunker  
  46  4:42  SCV x2  
  50  4:46  Banshee  
  50  4:51  Cloaking Field  
  53  4:55  Banshee  
  53  4:56  Marine  
  53  4:57  SCV x2, Marine  
  60  5:03  Supply Depot  
  60  5:06  Supply Depot  
  60  5:09  SCV  
  67  5:44  Supply Depot  
  63  6:05  Bunker  
Show
View Real Time Build Order
Export as new Build Order

Skizorager Protoss 

Build Orders:  

Get SALT Encoding   

  12  0:01  Probe (Chrono Boost)  
  13  0:11  Probe (Chrono Boost)  
  14  0:17  Pylon  
  14  0:22  Probe (Chrono Boost)  
  15  0:36  Probe (Chrono Boost)  
  15  0:37  Gateway  
  16  0:46  Probe (Chrono Boost), Assimilator  
  18  0:57  Probe (Chrono Boost)  
  18  0:58  Pylon  
  18  1:07  Probe (Chrono Boost)  
  19  1:18  Probe (Chrono Boost)  
  20  1:25  Cybernetics Core  
  20  1:30  Probe (Chrono Boost)  
  20  1:49  Nexus  
  20  1:51  Probe (Chrono Boost)  
  21  1:56  Assimilator  
  21  2:02  Mothership Core (Chrono Boost)  
  23  2:09  Warp Gate  
  23  2:20  Probe (Chrono Boost)  
  24  2:31  Probe (Chrono Boost)  
  24  2:36  Robotics Facility  
  25  2:41  Probe (Chrono Boost)  
  25  2:43  Stalker  
  28  2:49  Assimilator  
  28  2:52  Probe (Chrono Boost)  
  29  3:02  Probe (Chrono Boost)  
  30  3:07  Gateway  
  30  3:10  Gateway  
  30  3:13  Probe (Chrono Boost)  
  30  3:14  Probe (Chrono Boost)  
  32  3:21  Sentry  
  32  3:24  Observer  
  35  3:32  Gateway  
  35  3:36  Pylon  
  35  3:39  Probe (Chrono Boost)  
  36  3:48  Sentry  
  38  3:51  Observer (Chrono Boost)  
  39  4:02  Probe  
  40  4:08  Gateway  
  40  4:09  Gateway  
  40  4:11  Warp Prism (Chrono Boost)  
  42  4:22  Stalker  
  44  4:25  Stalker  
  44  4:30  Stalker  
  48  4:36  Stalker  
  50  4:44  Pylon  
  50  4:55  Immortal (Chrono Boost)  
  54  5:14  Stalker x2  
  54  5:15  Stalker  
  58  5:31  Stalker x2  
  53  5:43  Stalker x2  
  53  5:49  Probe  
  53  5:50  Probe  
  45  5:59  Probe  
Tags
 
Add a new tag
Caveats
  • Supply blocks, unpowered buildings, or Contaminate may cause inaccurate times.
  • Supply counts are checked every 10 seconds.